 Dungeon Crawl Stone Soup version 0.31-a0-221-gbddc013574 (webtiles) character file.

Game seed: 3124350065199575976

562 Demosthentine the Poker (level 7, -12/54 HPs)
             Began as a Demonspawn Gladiator on July 4, 2023.
             Was an Initiate of Hepliaklqana.
             Mangled by a gnoll
             ... wielding a +0 halberd
             ... led by a gnoll bouda
              (13 damage)
             ... on level 5 of the Dungeon.
             The game lasted 00:05:34 (4216 turns).

Demosthentine the Poker (Demonspawn Gladiator)      Turns: 4216, Time: 00:05:34

Health: -12/54     AC:  8    Str: 17    XL:     7   Next: 10%
Magic:  7/7        EV: 13    Int:  9    God:    Hepliaklqana [......]
Gold:   1146       SH:  0    Dex: 14    Spells: 6/6 levels left

rFire   . . .        a - +0 trident
rCold   . . .        (no shield)
rNeg    + . .        b - +0 leather armour
rPois   .            (helmet restricted)
rElec   .            l - +0 cloak
rCorr   .            (no gloves)
SInv    .            h - +0 pair of boots
Will    .....        (no amulet)
Stlth   +            u - ring of positive energy
HPRegen 0.29/turn    (no ring)
MPRegen 0.10/turn

%: no passive effects
@: weakened
A: horns 1, icy blue scales 2, demonic guardian 1, powered by pain 1
a: Renounce Religion


You were on level 5 of the Dungeon.
You worshipped Hepliaklqana.
Hepliaklqana was noncommittal.
You visited 1 branch of the dungeon, and saw 5 of its levels.
You also visited: Sewer.

You collected 1146 gold pieces.

Inventory:

Hand Weapons
 a - a +0 trident (weapon)
Missiles
 e - a javelin
 k - 6 boomerangs of dispersal
 m - 4 atropa-tipped darts
Armour
 b - a +0 leather armour (worn)
 h - a +0 pair of boots (worn)
 l - a +0 cloak (worn)
Jewellery
 q - a ring of flight
 u - a ring of positive energy (left hand)
Wands
 o - a wand of iceblast (7)
Scrolls
 g - a scroll of noise
 n - 4 scrolls of fear
 t - a scroll of revelation
Potions
 c - 2 potions of heal wounds
 f - a potion of attraction
 i - a potion of lignification
 j - 2 potions of might
 p - 3 potions of haste {unknown}
 r - 2 potions of enlightenment


   Skills:
 + Level 4.2 Fighting
 + Level 4.4 Polearms
 - Level 1.7 Throwing
 + Level 3.1 Armour
 + Level 4.3 Dodging


You had 6 spell levels left.
You didn't know any spells.
Your spell library contained the following spells:

 Spells                   Type           Power      Damage    Failure   Level
 Portal Projectile        Hex/Tloc       0%         N/A       82%         3
 Tukima's Dance           Hex            0%         N/A       82%         3
 Leda's Liquefaction      Hex/Erth       0%         N/A       99%         4
 Passage of Golubria      Tloc           0%         N/A       99%         4
 Yara's Violent Unravell  Hex/Tmut       0%         3d3       100%        5
 Shatter                  Erth           0%         3d5*      100%        9


Dungeon Overview and Level Annotations

Branches:
Dungeon (5/15)              Sewer (visited)
 Temple: D:4-7

Altars:
Fedhas
Hepliaklqana
Makhleb
Uskayaw

Annotations:
D:5 Pikel


Innate Abilities, Weirdness & Mutations

You have a pair of small horns on your head.
You are mostly covered in icy blue scales. (AC +3)
A weak demonic guardian rushes to your aid.
You sometimes gain a little power by taking damage.


Message History

Deactivating autopickup; reactivate with Ctrl-A.
Unknown command.
You hear a shout! x2
Unknown command.
Your attacks no longer feel as feeble.
You hear something invoke the aid of a god against you.
You feel your attacks grow feeble.
A gnoll comes into view. It is wielding a +0 club.
A gnoll comes into view. It is wielding a +0 halberd.
Something hits you.
You miss something. Your headbutt misses something.
The gnoll barely misses you. x2; Something hits you but does no damage.
You hit the gnoll. You headbutt the gnoll.
The gnoll is heavily wounded.
The gnoll closely misses you. The gnoll hits you but does no damage.
Something hits you! The gnoll misses you. The gnoll barely misses you.
You barely miss the gnoll. Your headbutt misses the gnoll.
The gnoll is heavily wounded.
Your attacks no longer feel as feeble.
Something hits you! The gnoll misses you.
The gnoll hits you but does no damage.
You barely miss the gnoll. You headbutt the gnoll.
The gnoll is severely wounded.
Something hits you.
* * * LOW HITPOINT WARNING * * *
The gnoll hits you but does no damage.
The gnoll hits you from afar with a +0 halberd!
* * * LOW HITPOINT WARNING * * *
A demonic guardian appears!
You hit something but do no damage. Your headbutt misses something.
You hear something mumble some strange prayers to a god against you.
You feel your attacks grow feeble. Something barely misses you.
The gnoll barely misses you.
The gnoll hits you from afar with a +0 halberd.
* * * LOW HITPOINT WARNING * * *
Unknown command.
You hit something but do no damage. Something completely misses you.
Your iron imp barely misses something.
The gnoll hits you from afar with a +0 halberd!
You die...

. . . .
#.## .
..... .
#.....#####
.
.....ggg@.#
.
.#.######{#
. #5...# .
......... .
.##...###.
. .. ..## .
.. #.# .
... .. .
..# ###


You could see 3 gnolls and a friendly iron imp (summoned).

Vanquished Creatures
  A black bear (D:4)
  A scorpion (D:2)
  A jelly (D:4)
  A hound (D:5)
  2 iguanas (D:4)
  Ijyb (D:3)
  Natasha (twice) (D:2)
  Terence (D:3)
  A hell rat (Sewer)
  Robin (D:2)
  4 gnolls (D:2)
  2 adders
  2 river rats (Sewer)
  An ufetubus (D:4)
  A worm (D:3)
  A dart slug (D:1)
  13 endoplasms
  3 giant cockroaches
  8 goblins
  4 hobgoblins
  2 jackals (D:2)
  3 quokkas
  4 ball pythons
  5 bats
  5 frilled lizards
  6 kobolds
  14 rats
90 creatures vanquished.

Vanquished Creatures (collateral kills)
  A goblin (D:4)
  A hobgoblin (D:4)
2 creatures vanquished.

Grand Total: 92 creatures vanquished

Notes
Turn   | Place    | Note
-------+----------+-------------------------------------------
     0 | D:1      | Demosthentine the Demonspawn Gladiator began the quest for
                  | the Orb.
     0 | D:1      | Reached XP level 1. HP: 16/16 MP: 1/1
   156 | D:1      | Gained mutation: You are partially covered in icy blue
                  | scales. (AC +2) [demonic ancestry]
   156 | D:1      | Reached XP level 2. HP: 20/22 MP: 2/2
   683 | D:1      | Identified a scroll of acquirement
   683 | D:1      | Acquired 944 gold pieces
   698 | D:2      | Found a faded altar of an unknown god.
   699 | D:2      | Noticed Natasha
   714 | D:2      | Reached skill level 1 in Armour
   716 | D:2      | Reached XP level 3. HP: 27/28 MP: 3/3
   726 | D:2      | Killed Natasha
   736 | D:2      | Gained mutation: A weak demonic guardian rushes to your
                  | aid. [demonic ancestry]
   736 | D:2      | Reached XP level 4. HP: 19/34 MP: 4/4
  1076 | D:2      | Noticed a scorpion
  1083 | D:2      | Killed a scorpion
  1084 | D:2      | Gained mutation: You are mostly covered in icy blue scales.
                  | (AC +3) [demonic ancestry]
  1084 | D:2      | Reached XP level 5. HP: 14/41 MP: 5/5
  1336 | D:2      | Got the Tome of Distorted Minerals
  1404 | D:2      | Noticed Robin
  1436 | D:2      | Killed Robin
  1610 | D:2      | Noticed Natasha
  1691 | D:2      | Killed Natasha
  2240 | D:3      | Noticed Ijyb
  2251 | D:3      | Killed Ijyb
  2257 | D:3      | Noticed Terence
  2283 | D:3      | Killed Terence
  2360 | D:3      | Found a glowing drain.
  2374 | D:3      | Gained mutation: You have a pair of small horns on your
                  | head. [demonic ancestry]
  2374 | D:3      | Reached XP level 6. HP: 45/47 MP: 6/6
  2376 | Sewer    | Entered a sewer
  3008 | D:4      | Found a burning altar of Makhleb.
  3198 | D:4      | Found a blossoming altar of Fedhas.
  3577 | D:4      | Found a hazy altar of Hepliaklqana.
  3607 | D:4      | Became a worshipper of Hepliaklqana the Forgotten
  3728 | D:4      | Gained mutation: You sometimes gain a little power by
                  | taking damage. [demonic ancestry]
  3728 | D:4      | Reached XP level 7. HP: 42/54 MP: 7/7
  4045 | D:5      | Entered Level 5 of the Dungeon
  4065 | D:5      | Noticed Pikel
  4067 | D:5      | Found a hide-covered altar of Uskayaw.
  4215 | D:5      | HP: 1/54 [gnoll/+0 halberd[a gnoll bouda] (2)]
  4216 | D:5      | Mangled by a gnoll

Illustrated notes

Levels and vault maps discovered:
D:1:      lightli_arrival_farm, layout_basic, moated_statue
D:2:      layout_basic, hellmonk_ecumenical_altar_dog_temple,
          minmay_misc_feat_more_columns, chequers_garden, uniq_robin,
          uniq_natasha
D:3:      layout_basic, mainiacjoe_overflow_boulevard,
          cheibrodos_sewer_entry_bend, uniq_terence, uniq_ijyb
D:4:      layout_gridville, mainiacjoe_overflow_brackets,
          mainiacjoe_overflow_paths, marbit_many_paths, kennysheep_dice
D:5:      layout_rooms, eat_drink_and_be_merry_uskayaw,
          grunt_temple_overflow_open, minmay_temple_entry_enclosed_plants,
          nicolae_fountain_basement, uniq_pikel, uniq_eustachio, uniq_duvessa

Skill      XL: |  1  2  3  4  5  6 |
---------------+-------------------+-----
Polearms       | 3 4 |  4.4
Dodging        | 3 4 |  4.3
Armour         | 1 2 3 |  3.1
Fighting       | 3 4 |  4.2
Throwing       | |  1.7

Action                     |  1- 3 |  4- 6 |  7- 9 || total
---------------------------+-------+-------+-------++-------
  Melee: Trident           |    81 |   240 |    17 ||   338
         Headbutt          |       |    20 |     5 ||    25
         Punch             |       |     1 |       ||     1
  Throw: Throwing net      |     2 |     2 |       ||     4
    Use: Scroll            |     4 |     9 |     3 ||    16
         Potion            |     1 |       |       ||     1
   Stab: Distracted        |       |     2 |       ||     2
         Sleeping          |       |     2 |       ||     2
 Armour: Leather armour    |    22 |    83 |    10 ||   115
  Dodge: Dodged            |    43 |   137 |    15 ||   195

Table legend: (Time is in decaauts)
 A = Elapsed time spent in this place.
 B = Non-inter-level travel time spent in this place.
 C = Inter-level travel time spent in this place.
 D = Time resting spent in this place.
 E = Time spent auto-exploring this place.
 F = Levels seen in this place.
 G = Mean time per level.
                   A        B        C        D        E       F      G
               +--------+--------+--------+--------+--------+-----+--------+
         Total |   4301 |   4081 |    220 |    113 |   3113 |   6 |  716.8 |
       Dungeon |   4093 |   3873 |    220 |    113 |   2979 |   5 |  818.6 |
         Sewer |    208 |    208 |      0 |      0 |    133 |   1 |  208.0 |
               +--------+--------+--------+--------+--------+-----+--------+

Top non-repeatable levels by time:
     D:2: 1207 daAuts
     D:4: 1045 daAuts
     D:1: 923 daAuts
     D:3: 745 daAuts
   Sewer: 208 daAuts
     D:5: 171 daAuts
